 Dungeon Crawl Stone Soup version 0.26.0-9-gab577f9fc5 (webtiles) character file.

Game seed: 176267997811425960

474 KamiKatze the Cutter (level 7, -2/37 HPs)
             Began as a Vine Stalker Fighter on Jan 13, 2021.
             Slain by an orc
             ... wielding a +0 mace
              (3 damage)
             ... on level 4 of the Dungeon.
             The game lasted 00:08:11 (2266 turns).

KamiKatze the Cutter (Vine Stalker Fighter)         Turns: 2266, Time: 00:08:12

Health: -2/37      AC:  8    Str: 21    XL:     7   Next: 10%
Magic:  0/8        EV:  7    Int:  8    God:
Gold:   351        SH:  9    Dex: 13    Spells: 6/6 levels left

rFire    . . .     SeeInvis .   a - +0 rapier
rCold    . . .     Faith    .   c - +0 kite shield
rNeg     . . .     Spirit   +   b - +0 scale mail
rPois    .         Reflect  .   (no helmet)
rElec    .         Harm     .   (no cloak)
rCorr    .         Rampage  .   i - +0 pair of gloves
Will     .....                  (no boots)
Stlth    ..........             (no amulet)
HPRegen  0.52/turn              (no ring)
MPRegen  0.11/turn              (no ring)

@: no status effects
A: fangs 2, regeneration 1, magic shield, antimagic bite, no potion heal 3
a: no special abilities


You were on level 4 of the Dungeon.
You visited 1 branch of the dungeon, and saw 4 of its levels.

You collected 351 gold pieces.

Inventory:

Hand Weapons
 a - a +0 rapier (weapon)
Missiles
 g - 111 stones (quivered)
 h - a throwing net
 k - 13 javelins
 r - 13 poisoned darts
Armour
 b - a +0 scale mail (worn)
 c - a +0 kite shield (worn)
 i - a +0 pair of gloves (worn)
 v - a +0 chain mail
Wands
 q - a wand of acid (12)
Scrolls
 f - 2 scrolls of enchant armour {unknown}
 j - 4 scrolls of remove curse {unknown}
 l - 2 scrolls of blinking {unknown}
 o - a scroll of amnesia {unknown}
 p - 2 scrolls of identify {unknown}
 t - 3 scrolls of noise {unknown}
 u - a scroll of immolation {unknown}
 x - a scroll of fog {unknown}
 y - a scroll of enchant weapon {unknown}
Potions
 d - 2 potions of might
 e - 4 potions of curing {unknown}
 m - a potion of resistance {unknown}
 n - a potion of attraction {unknown}
 s - 2 potions of magic {unknown}
 w - a potion of degeneration {unknown}


   Skills:
 + Level 4.0 Fighting
 * Level 4.4 Short Blades
 + Level 3.6 Armour
 + Level 3.8 Shields


You had 6 spell levels left.
You didn't know any spells.
Your spell library was empty.

Dungeon Overview and Level Annotations

Branches:
Dungeon (4/15)
 Temple: D:4-7

Altars:


Innate Abilities, Weirdness & Mutations

You have extremely sharp teeth.
Your natural rate of healing is unusually fast.
When hurt, damage is shared between your health and your magic reserves.
Your bite disrupts and absorbs the magic of your enemies.
Potions cannot restore your health.


Message History

You feel invigorated.
The orc priest is severely wounded.
The orc hits you but does no damage. The orc barely misses you.
The orc priest mumbles some strange prayers to Beogh against you.
Beogh smites you!
* * * LOW HITPOINT WARNING * * *
You hit the orc priest but do no damage.
Your bite misses the orc priest.
The orc priest is severely wounded.
The orc hits you but does no damage.
The orc priest hits you but does no damage.
The orc hits you with a +0 mace.
* * * LOW HITPOINT WARNING * * *
You hit the orc priest.
The orc priest is almost dead.
The orc priest begins to cast a cantrip, but forgets the words!
The orc hits you with a +0 club.
* * * LOW HITPOINT WARNING * * *
The orc hits you with a +0 mace.
You die...

#.....# #....##..##
#....
#.....#####.......##
#....
##.................
. #.###
....##...#.#### ..
## ..# #...#.# .[ #.
....###..#.# .# #..
#........#.###..#
....
#.........o....##..
.....
..........o@......#
......
..........)o.....##
#.....
....$....[.......#
....
...................
...
...................
................#..
...................
.........!.......
...............# #


You could see an orc priest and 2 orcs.

Vanquished Creatures
  An ogre (D:4)
  3 orc wizards
  3 orc priests (D:4)
  Jessica (D:2)
  3 gnolls (D:3)
  5 adders
  2 oozes
  A worm (D:2)
  3 dart slugs (D:1)
  4 leopard geckos
  9 orcs
  4 giant cockroaches
  7 hobgoblins
  6 jackals
  7 kobolds
  3 quokkas (D:2)
  A ball python (D:1)
  9 bats
  7 frilled lizards
  11 goblins
  9 rats
99 creatures vanquished.

Notes
Turn   | Place    | Note
-------+----------+-------------------------------------------
     0 | D:1      | KamiKatze the Vine Stalker Fighter began the quest for the
                  | Orb.
     0 | D:1      | Reached XP level 1. HP: 11/11 MP: 2/2
   114 | D:1      | Reached XP level 2. HP: 16/16 MP: 3/3
   226 | D:1      | Reached XP level 3. HP: 16/19 MP: 4/4
   724 | D:2      | Gained mutation: Your natural rate of healing is unusually
                  | fast. [Vine Stalker growth]
   724 | D:2      | Reached XP level 4. HP: 24/24 MP: 5/5
   754 | D:2      | Noticed Jessica
   762 | D:2      | Killed Jessica
   873 | D:2      | Reached XP level 5. HP: 28/28 MP: 6/6
  1723 | D:3      | Reached XP level 6. HP: 32/32 MP: 7/7
  2257 | D:4      | Reached XP level 7. HP: 22/37 MP: 5/8
  2264 | D:4      | HP: 1/37 [orc/+0 mace (4)]
  2266 | D:4      | Slain by an orc

Illustrated notes

Levels and vault maps discovered:
D:1:      nicolae_arrival_washed_ashore, layout_basic
D:2:      layout_rooms, uniq_jessica
D:3:      layout_loops_ring
D:4:      layout_layer_cave

Skill      XL: |  1  2  3  4  5  6  7 |
---------------+----------------------+-----
Short Blades   | 2 3 4 |  4.4
Fighting       | 3 4 |  4.0
Shields        | 3 |  3.8
Armour         | 3 |  3.6

Action                   |  1- 3 |  4- 6 |  7- 9 || total
-------------------------+-------+-------+-------++-------
Melee: Rapier            |    93 |   171 |     8 ||   272
       Bite              |    24 |    50 |     4 ||    78
Armor: Scale mail        |    34 |    51 |     7 ||    92
Dodge: Dodged            |    26 |    39 |     8 ||    73
Block: Kite shield       |    37 |    59 |     6 ||   102
